 Dungeon Crawl Stone Soup version 0.14.2 (webtiles) character file.

480 mrath the Ruffian (level 6, 0/50 HPs)
             Began as a Ghoul Gladiator on Mar 21, 2016.
             Killed by divine providence
             ... invoked by an orc priest
              (16 damage)
             ... on Level 4 of the Dungeon.
             The game lasted 00:28:58 (3506 turns).

mrath the Ruffian (Ghoul Gladiator)                 Turns: 3506, Time: 00:28:58

HP   0/50        AC 13     Str 20      XL: 6   Next: 21%
MP   6/6         EV  7     Int  3      God:
Gold 212         SH  0     Dex 10      Spells:  0 memorised,  5 levels left

rFire  . . .     SeeInvis .       - Unarmed
rCold  + . .     Clarity  .     t - +0 chain mail
rNeg   + + +     Conserve .     (no shield)
rPois  +         rCorr    .     c - +0 helmet
rElec  .         rRot     +     Q - +0 cloak
SustAb . .       Spirit   .     (no gloves)
rMut   .         Warding  .     S - +2 pair of boots {Fly}
Saprov + + +     Stasis   .     (no amulet)
MR     .....                    (no ring)
                                a - ring of teleport control

@: flying, rotting, not resistant to hostile enchantments, extremely unstealthy
A: rotting body, claws 1, carnivore 3, cold resistance 1, life protection 3,
poison resistance, saprovore 3, slow healing 1, torment resistance, unbreathing
a: Stop Flying, Evoke Teleport Control


You were on level 4 of the Dungeon.
You were not hungry.

You visited 1 branch of the dungeon, and saw 4 of its levels.

You collected 212 gold pieces.

Inventory:

Hand weapons
 z - a +2,+2 anti-magic flail
 J - a +4,+1 short sword
 K - a +2,+2 quarterstaff of chaos
 M - a +0 blowgun
 N - a +2,+1 vampiric whip
Missiles
 d - a throwing net (quivered)
 l - 5 darts of frost
 q - 36 darts
 r - 5 tomahawks
 s - 117 stones
 u - 19 sling bullets
 E - 3 darts of flame
 O - 4 poisoned needles
Armour
 b - a +0 leather armour
 c - a +0 helmet (worn)
 f - a +0 pair of boots
 k - a +0 ring mail
 t - a +0 chain mail (worn)
 B - a cursed +0 scale mail
 Q - a +0 cloak (worn)
 S - a +2 pair of boots of flying (worn)
 T - a +0 shield
Magical devices
 D - a wand of slowing (6)
 R - a wand of digging (15) {unknown}
Comestibles
 j - 4 meat rations
 m - a honeycomb
 C - a chunk of kobold flesh
 I - 2 chunks of worker ant flesh
Scrolls
 g - 3 scrolls of fog {unknown}
 i - a scroll of magic mapping {unknown}
 v - 3 scrolls of amnesia {unknown}
 w - a scroll of enchant armour {unknown}
 x - 3 scrolls of identify {unknown}
 y - 2 scrolls of teleportation {unknown}
 G - a scroll of enchant weapon I {unknown}
 L - 2 scrolls of remove curse {unknown}
 P - a scroll of immolation {unknown}
Jewellery
 a - a ring of teleport control (left claw)
 H - an uncursed ring of ice
Potions
 e - a potion of invisibility {unknown}
 h - a potion of haste {unknown}
 n - a potion of confusion {unknown}
 o - 3 potions of curing {unknown}
 p - a potion of heal wounds {unknown}
 A - a potion of poison {unknown}
Carrion
 F - a bat corpse


   Skills:
 + Level 2.5 Fighting
 + Level 1.7 Throwing
 + Level 0.1 Armour
 + Level 2.7 Dodging
 + Level 7.0 Unarmed Combat
 + Level 1.1 Evocations


You had 5 spell levels left.
You didn't know any spells.

Dungeon Overview and Level Annotations

Branches:
Dungeon (4/15)
 Temple: D:4-7

Altars:
Cheibriados
Dithmenos
Nemelex Xobeh
Sif Muna


Innate Abilities, Weirdness & Mutations

Your body is rotting away.
You have sharp fingernails.
You are carnivorous and can eat meat at any time.
Your flesh is cold resistant.
You are immune to negative energy.
Your system is resistant to poisons.
You thrive on rotten meat.
You heal slowly when monsters are visible.
You are immune to unholy pain and torment.
You can survive without breathing.


Message History

You barely miss the orc priest. Your punch misses the orc priest.
The hobgoblin barely misses you. The orc completely misses you.
You closely miss the orc priest.
You claw the orc priest, but do no damage.
The orc priest hits you with a mace.
* * * LOW HITPOINT WARNING * * *
The hobgoblin hits you but does no damage.
The orc closely misses you.
You hit the orc priest but do no damage.
The orc priest closely misses you. The hobgoblin barely misses you.
The orc completely misses you.
Throwing (i - inventory. (,) - cycle):
d - 2 throwing nets (quivered)
Press: ? - help, Shift-Dir - straight line, f - orc priest
Aim: an orc priest, wielding a mace and wearing a scale mail You throw a throwing net.
The throwing net hits the orc priest.
The orc priest is caught in the net!
The orc priest struggles against the net.
The orc priest invokes the aid of Beogh against you.
Something smites you!
You die...

##### ##########
#######.... #........#
#####..........
##..<..[..#
######.....#####....
.'........####go@...#####
#....
##........+..oo######
#.... ##........##.###
#.... #######+###...#
#.<.. ##'o# ##### ..g.. #
..o..... ### ...≈≈.....#
#.. ....≈≈..... #..


You could see an orc priest (caught), 2 orcs and a hobgoblin.

Vanquished Creatures
  A scorpion (D:3)
  Crazy Yiuf (D:3)
  An orc priest (D:2)
  A worker ant (D:4)
  A gnoll (D:3)
  4 adders
  A worm (D:3)
  3 giant geckos
  5 orcs
  3 giant cockroaches
  3 hobgoblins
  8 jackals (D:3)
  16 kobolds
  4 quokkas
  10 bats
  3 giant newts
  6 goblins
  A kobold zombie (D:4)
  12 rats
84 creatures vanquished.

Notes
Turn   | Place    | Note
--------------------------------------------------------------
     0 | D:1      | mrath, the Ghoul Gladiator, began the quest for the Orb.
     0 | D:1      | Reached XP level 1. HP: 17/17 MP: 1/1
   212 | D:1      | Reached XP level 2. HP: 22/22 MP: 2/2
   251 | D:1      | Reached skill level 4 in Unarmed Combat
   548 | D:1      | Reached XP level 3. HP: 24/28 MP: 3/3
  1407 | D:2      | Found a deep blue altar of Sif Muna.
  1408 | D:2      | Found a sparkling altar of Nemelex Xobeh.
  1502 | D:2      | Reached skill level 5 in Unarmed Combat
  1648 | D:2      | Reached XP level 4. HP: 9/36 MP: 1/3
  2205 | D:3      | Found a shadowy altar of Dithmenos.
  2233 | D:3      | Reached skill level 6 in Unarmed Combat
  2316 | D:3      | Reached XP level 5. HP: 33/40 MP: 4/4
  2628 | D:3      | Found a snail-covered altar of Cheibriados.
  2840 | D:3      | Noticed Crazy Yiuf
  2847 | D:3      | Killed Crazy Yiuf
  2847 | D:3      | Reached skill level 7 in Unarmed Combat
  3239 | D:4      | Reached XP level 6. HP: 48/48 MP: 5/5
  3333 | D:4      | Reached skill level 1 in Evocations
  3506 | D:4      | Killed from afar by an orc priest

Action                   |  1- 3 |  4- 6 || total
-------------------------+-------+-------++-------
Melee: Unarmed           |   128 |   127 ||   255
 Fire: Blowgun           |       |     1 ||     1
Throw: Dart              |       |     7 ||     7
       Throwing net      |       |     2 ||     2
